 Dungeon Crawl Stone Soup version 0.30.1-4-g462c640d31 (webtiles) character file.

Game seed: 14181226814592811382

2208232 Draugr the Axe Maniac (level 27, 269/273 HPs)
             Began as a Minotaur Berserker on Aug 9, 2023.
             Was the Champion of Trog.
             Escaped with the Orb
             ... and 4 runes on Aug 10, 2023!
             The game lasted 07:32:09 (79802 turns).

Draugr the Axe Maniac (Minotaur Berserker)         Turns: 79802, Time: 07:32:09

Health: 269/273    AC: 51    Str: 39      XL:     27
Magic:  6/6        EV: 21    Int: 10      God:    Trog [******]
Gold:   8429       SH:  0    Dex: 15 (16) Spells: 26/26 levels left

rFire   + + .        x - +9 battleaxe (antimagic)
rCold   + . .        (shield currently unavailable)
rNeg    + . .        C - +9 gold dragon scales
rPois   +            Y - +3 crown of Dyrovepreva {rElec Int+2 SInv}
rElec   +            t - +1 cloak {Will+}
rCorr   .            X - +3 pair of gloves "Jougub" {rPois}
SInv    +            s - +2 pair of boots {Fly}
Will    +++..        a - amulet of Suspicion {Acrobat Rampage Slay+3} Stlth
                     q - ring of protection from fire
HPRegen 0.65/turn    Z - ring "Wegaum" {rPois rN+ Str+5 Dex+6}
MPRegen 0.10/turn

%: acrobat, rampage
@: flying, studying Poison Magic
A: horns 2, retaliatory headbutt, clever 1, low MP 1, MP-powered wands
0: Orb of Zot
}: 4/15 runes: decaying, slimy, silver, gossamer
a: Renounce Religion, Berserk, Trog's Hand, Brothers in Arms


You escaped.
You worshipped Trog.
Trog was exalted by your worship.
You visited 11 branches of the dungeon, and saw 55 of its levels.
You visited 1 ziggurat, and saw 5 of its levels.
You also visited: Bailey, Gauntlet, Ice Cave, Volcano and Wizlab.

You collected 10074 gold pieces.
You spent 1645 gold pieces at shops.

Inventory:

Hand Weapons
 x - a +9 antimagic battleaxe (weapon)
 z - a +9 vampiric battleaxe
 A - a +8 executioner's axe of freezing
 F - the +9 battleaxe of the Wilderness {heavy, rN+}
   (Trog gifted it to you on level 1 of the Swamp)

   rN:        It protects you from negative energy.
 H - the +8 great sword "Tytzynwe" {antimagic, Will++ Str+4 Stlth-}
   (Trog gifted it to you on level 3 of the Elven Halls)

   Str:       It affects your strength (+4).
   Will:      It greatly increases your willpower.
   Stlth:     It makes you less stealthy.
 S - the +8 battleaxe of Resumed Hostilities {flame, Dex+2}
   (Trog gifted it to you on level 4 of the Spider Nest)

   Dex:       It affects your dexterity (+2).
Missiles
 P - 3 throwing nets (quivered)
Armour
 m - the +12 chain mail "Tachirch" {Will+ SInv}
   (You found it on level 5 of the Vaults)

   SInv:      It lets you see invisible.
   Will:      It increases your willpower.
 s - a +2 pair of boots of flying (worn)
 t - a +1 cloak of willpower (worn)
 C - +9 gold dragon scales (worn)
 M - the +3 hat of Dyspraxia {rF+}
   (You acquired it on level 1 of the Lair of Beasts)

   rF:        It protects you from fire.
 X - the +3 pair of gloves "Jougub" (worn) {rPois}
   (You found it on level 2 of the Spider Nest)

   rPois:     It protects you from poison.
 Y - the +3 crown of Dyrovepreva (worn) {rElec Int+2 SInv}
   (You found it on level 3 of the Swamp)

   Int:       It affects your intelligence (+2).
   rElec:     It insulates you from electricity.
   SInv:      It lets you see invisible.
Jewellery
 a - the amulet of Suspicion (around neck) {Acrobat Rampage Slay+3}
   (You found it on level 5 of the Pits of Slime)

   [amulet of the acrobat]

   It increases your evasion while moving and waiting.
   Slay:      It affects your accuracy & damage with ranged weapons and melee
   (+3).
   Rampage:   It bestows one free step when moving towards enemies.
 e - a ring of ice
 q - a ring of protection from fire (left hand)
 r - a ring of resist corrosion
 v - a ring of protection from cold
 J - a ring of protection from fire
 K - a ring of see invisible
 N - a ring of willpower
 W - a ring of positive energy
 Z - the ring "Wegaum" (right hand) {rPois rN+ Str+5 Dex+6}
   (You found it in a Gauntlet)

   [ring of dexterity]

   Str:       It affects your strength (+5).
   Dex:       It affects your dexterity (+6).
   rPois:     It protects you from poison.
   rN:        It protects you from negative energy.
Wands
 w - a wand of polymorph (23)
 D - a wand of roots (61)
 E - a wand of digging (25)
 O - a wand of charming (44)
 T - a wand of acid (46)
 V - a wand of mindburst (48)
Scrolls
 g - 10 scrolls of immolation
 h - 21 scrolls of teleportation
 k - 7 scrolls of fear
 l - 13 scrolls of vulnerability
 n - 2 scrolls of silence
 u - 4 scrolls of poison
 y - 10 scrolls of fog
 R - 2 scrolls of torment
 U - 3 scrolls of butterflies
Potions
 b - 2 potions of haste
 c - 29 potions of curing
 d - 2 potions of resistance
 f - 8 potions of flight
 i - 8 potions of attraction
 j - 7 potions of invisibility
 o - 9 potions of cancellation
 p - 11 potions of lignification
 B - 7 potions of might
 G - 9 potions of heal wounds
 I - 3 potions of mutation


   Skills:
 O Level 27 Fighting
 - Level 20.2 Long Blades
 O Level 27 Axes
 - Level 6.5 Throwing
 O Level 27 Armour
 + Level 26.9 Dodging
 - Level 9.4 Shields
 - Level 18.0 Evocations


You had 26 spell levels left.
You didn't know any spells.
Your spell library contained the following spells:

 Spells                   Type           Power      Damage    Failure   Level
 Apportation              Tloc           0%         N/A       80%         1
 Foxfire                  Conj/Fire      0%         2x1d4     80%         1
 Kiss of Death            Conj/Necr      0%         2d5       80%         1
 Necrotise                Necr           0%         1d4       80%         1
 Sandblast                Erth           0%         2d4       80%         1
 Summon Small Mammal      Summ           0%         N/A       80%         1
 Cigotuvi's Dreadful Rot  Necr/Pois/Air  0%         N/A       91%         2
 Lesser Beckoning         Tloc           0%         N/A       91%         2
 Passwall                 Tmut/Erth      0%         N/A       91%         2
 Poisonous Vapours        Pois/Air       0%         N/A       91%         2
 Static Discharge         Conj/Air       0%         2-2/arc   91%         2
 Dazzling Flash           Conj/Hex       0%         N/A       99%         3
 Gell's Gravitas          Tloc           0%         N/A       99%         3
 Ignite Poison            Fire/Tmut/Pois 0%         N/A       99%         3
 Inner Flame              Hex/Fire       0%         N/A       99%         3
 Mephitic Cloud           Conj/Pois/Air  0%         N/A       99%         3
 Ozocubu's Armour         Ice            0%         N/A       99%         3
 Portal Projectile        Hex/Tloc       0%         N/A       99%         3
 Stone Arrow              Conj/Erth      0%         3d7       99%         3
 Teleport Other           Tloc           0%         N/A       99%         3
 Tukima's Dance           Hex            0%         N/A       99%         3
 Volatile Blastmotes      Fire/Tloc      0%         2d10      99%         3
 Anguish                  Hex/Necr       0%         N/A       100%        4
 Animate Dead             Necr           0%         N/A       100%        4
 Cause Fear               Hex            0%         N/A       100%        4
 Dispel Undead            Necr           0%         3d6       100%        4
 Fulminant Prism          Conj/Hex       0%         3d5       100%        4
 Iskenderun's Mystic Bla  Conj/Tloc      0%         2d3       100%        4
 Passage of Golubria      Tloc           0%         N/A       100%        4
 Summon Ice Beast         Ice/Summ       0%         N/A       100%        4
 Agony                    Necr           0%         N/A       100%        5
 Blade Hands              Tmut           0%         N/A       100%        5
 Borgnjor's Vile Clutch   Necr/Erth      0%         N/A       100%        5
 Freezing Cloud           Conj/Ice/Air   0%         6-21      100%        5
 Lee's Rapid Deconstruct  Erth           0%         3d4*      100%        5
 Silence                  Hex/Air        0%         N/A       100%        5
 Summon Forest            Summ/Tloc      0%         N/A       100%        5
 Summon Mana Viper        Hex/Summ       0%         N/A       100%        5
 Yara's Violent Unravell  Hex/Tmut       0%         3d3       100%        5
 Conjure Ball Lightning   Conj/Air       0%         3x3d6     100%        6
 Death Channel            Necr           0%         N/A       100%        6
 Iron Shot                Conj/Erth      0%         9d1       100%        6
 Simulacrum               Ice/Necr       0%         N/A       100%        6
 Starburst                Conj/Fire      0%         6d3       100%        6
 Statue Form              Tmut/Erth      0%         N/A       100%        6
 Summon Cactus Giant      Summ           0%         N/A       100%        6
 Dragon Form              Tmut           0%         N/A       100%        7
 Enfeeble                 Hex            0%         N/A       100%        7
 Monstrous Menagerie      Summ           0%         N/A       100%        7
 Ozocubu's Refrigeration  Ice            0%         4d7       100%        7
 Discord                  Hex            0%         N/A       100%        8
 Disjunction              Tloc           0%         N/A       100%        8
 Lehudib's Crystal Spear  Conj/Erth      0%         10d2      100%        8
 Fire Storm               Conj/Fire      0%         5d1       100%        9
 Polar Vortex             Ice            0%         N/A       100%        9


Dungeon Overview and Level Annotations

Branches:
Dungeon (15/15)            Temple (0/1) D:4            Lair (5/5) D:10
  Swamp (4/4) Lair:3       Spider (4/4) Lair:3        Slime (5/5) Lair:4
    Orc (2/2) D:12            Elf (3/3) Orc:2        Vaults (5/5) D:13
  Crypt (3/3) Vaults:2       Tomb (0/3) Crypt:3      Depths (4/4) D:15
    Zot (5/5) Depths:4     Bailey (visited)           IceCv (visited)
Volcano (visited)          WizLab (visited)         Gauntlet (visited)

Altars:
Ashenzari
Fedhas
Gozag
Makhleb
Ru
Sif Muna
Uskayaw
Vehumet
Xom
Yredelemnul
Zin
The Shining One
Jiyva

Shops:
Orc:2 *!!?*   Elf:1 :   Elf:2 =*   Vaults:1 *   Vaults:4 *   Depths:1 (((

Portals:
Hell: Depths:1 Depths:2 Depths:3 Depths:4
Abyss: Orc:2 Depths:1 Depths:3 Depths:4
Pandemonium: Depths:1 Depths:2
Trove: Vaults:4 (give +2 gold dragon scales)

Annotations:
D:6 1 runed translucent door, Crazy Yiuf
Swamp:3 Louise


Innate Abilities, Weirdness & Mutations

You have a pair of horns on your head.
You reflexively headbutt those who attack you in melee.
Your mind is acute. (Int +4, Str/Dex -1)
Your magical capacity is low. (-10% MP)
You expend magic power (3 MP) to strengthen your wands.


Message History

Your skin crawls.
You feel strong-willed.
Magic restored.
Your extra speed is starting to run out.
There is a stone staircase leading up here.
You fly upwards.
There is a stone staircase leading down here.
(D) Dungeon (T) Temple (L) Lair (S) Swamp (N) Spider Nest (M) Slime Pits (O) Orcish Mines (E) Elven Halls (V) Vaults (C) Crypt (W) Tomb (U) Depths (H) Hell (Z) Zot
Where to? (Enter - D:2 @ (x,y), ? - help)
Okay, then.
Unknown command.
You feel yourself slow down.
HP restored.
You feel the effects of Trog's Hand fading.
Your skin stops crawling.
You feel less strong-willed.
An Orb Guardian comes into view.
You rampage towards the Orb Guardian!
You carve the Orb Guardian like a ham!!!
You headbutt the Orb Guardian!
The Orb Guardian is severely wounded.
The Orb Guardian barely misses you. You furiously retaliate!
You headbutt the Orb Guardian! You barely miss the Orb Guardian.
Your headbutt misses the Orb Guardian.
The Orb Guardian is almost dead.
The Orb Guardian hits you!!
You cut the Orb Guardian into ribbons!!!
You kill the Orb Guardian!
Trog accepts your kill.
You feel your intelligence returning.
(D) Dungeon (T) Temple (L) Lair (S) Swamp (N) Spider Nest (M) Slime Pits (O) Orcish Mines (E) Elven Halls (V) Vaults (C) Crypt (W) Tomb (U) Depths (H) Hell (Z) Zot
Where to? (Enter - D:1 @ (x,y), ? - help)
You see here a +0 dagger.
There is a staircase leading out of the dungeon here.
You have escaped!

...#####.##.# #.........)...
.........##.#########..##########
...#####.##.##.#.#.#.#.# # ####
#.##.#.#.#.#.#..# #
###.##..#.#.#.#.### #
#........#.#.#.#.#
#.#.#####.≈≈≈≈~.## #### #.#.#
#.#≈...~#.# ...# #.#.#
##.≈@..~.## ...###.#.#
#.#≈...~#.# .......#.#
##.≈≈≈≈~.## ...#####.#
#.#.#.#.#.# ...# #.# ##.#.#.#.##
...# #.# #.#.#.#.#.#
...#####.#####.#.#.#.##
.......#..............#
....##.##############.#


There were no monsters in sight!

Vanquished Creatures
  the Royal Jelly (Slime:5)
  A pandemonium lord (D:3)
  4 dread liches
  Mara (Spider:4)
  5 orbs of fire
  5 ancient liches
  2 juggernauts (Depths:3)
  Sojobo (Depths:2)
  Frederick (Crypt:1)
  A caustic shrike (Depths:2)
  Xtahua (Vaults:5)
  11 Killer Klowns
  9 curse toes
  Nikola (Swamp:2)
  13 golden dragons
  A profane servitor (Depths:1)
  Arachne (Spider:2)
  3 bone dragons
  An iron giant (Depths:2)
  2 doom hounds (Crypt:2)
  2 electric golems
  24 tentacled monstrosities
  A hellephant (Zot:4)
  27 Orb Guardians
  3 liches
  Zenata (Elf:1)
  2 deep elf blademasters (Elf:3)
  A walking crystal tome (WizLab)
  A tainted leviathan (Zig:2)
  7 titans (Vaults:5)
  7 quicksilver dragons
  Grunn (Crypt:2)
  2 deep elf master archers (Elf:3)
  The ghost of Beorghan the Bludgeoner, an adept MiBe of Trog (Spider:2)
  2 Executioners
  19 acid blobs
  5 sphinxes
  Frances (D:13)
  4 tengu reavers
  3 ancient champions
  11 death cobs
  15 shadow dragons
  2 daevas (Depths:1)
  24 storm dragons
  9 draconian monks
  Roxanne (Spider:4)
  12 draconian knights
  8 rockslimes
  7 azure jellies (Slime:5)
  A strange machine (WizLab)
  A fenstrider witch (Swamp:1)
  A demonspawn warmonger (Zot:4)
  3 revenants (Crypt:3)
  15 frost giants
  Aizul (Spider:2)
  12 emperor scorpions
  10 fire giants
  The ghost of barkas the Spear-Bearer, a journeyman CeMo of Okawaru (Orc:1)
  A balrug (D:15)
  10 ghost moths
  10 draconian scorchers
  4 deep elf sorcerers
  5 ghouls
  6 draconian shifters
  25 vault wardens
  A deep elf elementalist (Elf:3)
  A curse skull (Crypt:3)
  4 draconian stormcallers
  A spectral caustic shrike (Crypt:3)
  5 reapers
  8 quicksilver oozes
  An angel (Depths:1)
  4 broodmothers
  20 ironbound preservers
  9 stone giants
  8 draconian annihilators
  4 orc warlords
  4 ironbound thunderhulks
  A demonspawn blood saint (Zot:4)
  29 very ugly things
  5 eleionomae
  The ghost of Biotuk the Severer, a journeyman MiFi of Okawaru (Depths:2)
  11 green draconians
  9 deep elf demonologists
  14 white draconians
  A minotaur (Gauntlet)
  11 spark wasps
  8 black draconians
  25 dire elephants
  12 vampire knights
  2 putrid mouths (Crypt:2)
  7 deep elf annihilators (Elf:3)
  A spectral titan (Crypt:3)
  13 yellow draconians
  12 bunyips
  11 purple draconians
  19 red draconians
  Snorg (D:11)
  A spectral quicksilver dragon (Crypt:3)
  Josephine (Lair:4)
  2 green deaths (Swamp:4)
  8 eidola
  A crystal guardian (Vaults:3)
  18 ettins
  8 deep elf death magi
  5 deep elf high priests
  10 yaktaur captains
  4 spectral spriggans (Crypt:3)
  8 entropy weavers
  A spectral iron giant (Crypt:3)
  17 jiangshi
  6 fire dragons
  13 hydras
  10 great orbs of eyes
  A shambling mangrove (Swamp:2)
  A caustic shrike simulacrum (Crypt:3)
  40 vault guards
  A quicksilver dragon skeleton (Zot:2)
  10 rakshasas
  Harold (Lair:2)
  A ghost crab (Swamp:1)
  19 ironbound frosthearts
  2 peacekeepers (Vaults:3)
  12 ice dragons
  11 boulder beetles
  4 centaur warriors
  4 jorogumos
  A spriggan skeleton (Crypt:2)
  2 tengu warriors
  14 deep troll shamans
  3 spectral stone giants (Crypt:3)
  35 dancing weapons
  11 alligators
  6 radroaches
  5 two-headed ogres
  2 naga warriors (Zig:3)
  15 vampire magi
  10 deep troll earth magi
  13 deep elf knights
  6 soul eaters
  A spectral dire elephant (Crypt:3)
  4 spriggan berserkers
  24 hell knights
  A spectral storm dragon (Crypt:3)
  3 orc high priests
  2 thrashing horrors
  2 skysharks
  3 sun demons (D:15)
  A skyshark (shapeshifter) (Vaults:5)
  The ghost of LittleThickWarRabbit the Covert, a journeyman SpHu of Okawaru (Orc:2)
  11 spriggans
  8 shadow wraiths
  14 iron trolls
  25 skeletal warriors
  10 pharaoh ants
  A sixfirhy (D:13)
  A sun moth (Spider:2)
  A bunyip zombie (Crypt:2)
  68 deep trolls
  6 swamp dragons
  3 goliath frogs
  8 flayed ghosts
  12 orb spiders
  An orange crystal statue (IceCv)
  12 bog bodies
  3 death drakes
  A steelbarb worm (shapeshifter) (Depths:3)
  3 glowing orange brains
  20 ironbound convokers
  2 naga ritualists (Zig:3)
  11 steelbarb worms
  14 wizards
  4 deep elf archers
  10 lindwurms
  14 orc knights
  21 deep elf pyromancers
  2 spriggan simulacra (Crypt:3)
  A lindwurm (shapeshifter) (Depths:3)
  Pikel (D:7)
  17 phantasmal warriors
  10 necromancers
  2 wolf spider zombies
  8 orc sorcerers
  18 deep elf zephyrmancers
  3 shining eyes
  48 ugly things
  An iron dragon zombie (Crypt:2)
  5 will-o-the-wisps
  2 fauns (shapeshifter) (Vaults:5)
  2 spectral centaurs (Crypt:3)
  39 wolf spiders
  30 moths of wrath
  4 cyclopes
  A centaur zombie (Gauntlet)
  An apocalypse crab (Gauntlet)
  A fire giant skeleton (Crypt:2)
  A guardian serpent (shapeshifter) (Elf:3)
  2 naga magi
  3 black mambas
  2 eyes of devastation
  21 vault sentinels
  3 centaur skeletons
  19 demonic crawlers
  An ice statue (D:15)
  2 gargoyles (Volcano)
  8 cane toads
  A minotaur zombie (Gauntlet)
  8 torpor snails
  A green draconian zombie (Crypt:2)
  2 hellions
  2 orange demons
  35 yaktaurs
  A shock serpent skeleton (Crypt:1)
  9 rime drakes
  An efreet (Volcano)
  2 kobold demonologists (D:13)
  10 komodo dragons
  17 freezing wraiths
  A spectral naga (Crypt:3)
  A yellow draconian skeleton (Crypt:1)
  3 tengu conjurers
  A tormentor (Crypt:2)
  A yaktaur skeleton (Vaults:2)
  2 guardian mummies (Zig:5)
  A spectral harpy (Crypt:3)
  A catoblepas skeleton (Crypt:1)
  A red devil (Zot:2)
  Grinder (D:5)
  4 meliai
  A red draconian skeleton (Crypt:1)
  12 trolls
  An iron troll skeleton (Crypt:1)
  10 polar bears
  8 tyrant leeches
  19 hornets
  A harpy skeleton (Crypt:2)
  12 saltlings (Orc:2)
  35 tarantellas
  A tarantella zombie (Crypt:2)
  A moth of wrath zombie (Zot:2)
  A stone giant simulacrum (Vaults:2)
  18 blink frogs
  A dream sheep (shapeshifter) (Elf:2)
  A raiju (Orc:2)
  An ettin zombie (Crypt:2)
  Sigmund (D:5)
  2 dream sheep (Lair:3)
  36 jumping spiders
  2 spectral black mambas (Crypt:3)
  4 air elementals
  148 slime creatures
  21 culicivoras
  7 shadows
  A centaur simulacrum (D:15)
  4 water elementals
  4 wyverns
  14 wraiths
  3 fire elementals
  An ushabti (Zig:5)
  A hog (shapeshifter) (Depths:4)
  4 steam dragons
  A wyvern (shapeshifter) (Vaults:5)
  51 yaks
  11 golden eyes
  59 redbacks
  12 vampire mosquitoes
  4 large abominations
  Menkaure (D:6)
  A redback simulacrum (D:15)
  A yaktaur simulacrum (Vaults:2)
  18 swamp worms
  8 wargs
  15 water moccasins
  7 acid dragons
  Duvessa (D:7)
  A spectral hornet (Gauntlet)
  A hydra simulacrum (Crypt:3)
  A two-headed ogre skeleton (Crypt:1)
  3 floating eyes
  An ice beast (D:6)
  2 sky beasts
  A black bear (Lair:2)
  35 orc warriors
  2 ettin simulacra (Crypt:3)
  10 swamp drakes
  4 boggarts (D:15)
  9 ogres
  A blink frog skeleton (Crypt:3)
  A rime drake zombie (Crypt:3)
  25 wolves
  20 centaurs
  A phantom (D:4)
  A lemure (D:6)
  4 kobold brigands
  4 scorpions
  10 bullfrogs
  A necrophage (Crypt:2)
  3 earth elementals
  A cyclops zombie (Crypt:2)
  3 wights (D:6)
  Dowan (D:7)
  A raiju zombie (Crypt:3)
  7 killer bees
  3 electric eels (D:12)
  4 howler monkeys
  A troll skeleton (Crypt:3)
  A polar bear skeleton (Crypt:3)
  5 hounds
  7 jellies
  18 orc priests
  4 iguanas
  28 orc wizards
  12 hell rats
  An ogre zombie (Crypt:2)
  A hound zombie (Crypt:1)
  2 ogre skeletons
  A mummy (Depths:1)
  5 gnolls
  9 adders
  An adder (shapeshifter) (Elf:3)
  A shadow imp (D:5)
  A white imp (D:5)
  A worm (D:3)
  2 dart slugs
  105 orcs
  9 ball pythons
  10 endoplasms
  3 giant cockroaches
  16 goblins
  6 hobgoblins
  2 jackals (D:1)
  28 kobolds
  4 quokkas
  A ball python skeleton (Crypt:2)
  5 bats
  4 frilled lizards
  A hobgoblin zombie (Crypt:3)
  A kobold zombie (Crypt:2)
  7 rats
  A spectral orc (D:7)
2701 creatures vanquished.

Vanquished Creatures (collateral kills)
  A draconian scorcher (Zot:3)
  A draconian shifter (Zot:3)
  An orc warlord (Orc:2)
  A quicksilver ooze (Slime:5)
  The ghost of Sieca the Fencer, a journeyman MfGl of Okawaru (Lair:4)
  A hydra (Lair:3)
  An ironbound frostheart (IceCv)
  An ice dragon (IceCv)
  A large abomination (Orc:2)
  An orc knight (Orc:2)
  An orc sorcerer (Orc:2)
  A komodo dragon (Lair:3)
  A troll (Orc:2)
  A tarantella (Spider:2)
  3 dream sheep (Lair:3)
  2 jumping spiders (Spider:2)
  5 redbacks (Spider:2)
  2 wargs (Orc:2)
26 creatures vanquished.

Vanquished Creatures (others)
  A quicksilver dragon (Zot:5)
  A sphinx (Vaults:5)
  A fire giant (Vaults:5)
  A frost giant (Depths:2)
  An eleionoma (Swamp:1)
  A deep elf knight (Elf:2)
  A bog body (Swamp:2)
  A wizard (Depths:2)
  An ironbound convoker (Vaults:5)
  An orc knight (Orc:2)
  An ugly thing (IceCv)
  A polar bear (IceCv)
  A bloated husk (Swamp:1)
  A troll (Orc:2)
  A redback (Spider:3)
  A swamp worm (Swamp:2)
  A bullfrog (D:8)
  2 orcs
  18 foxfires
  A lurking horror (Orc:2)
38 creatures vanquished.

Grand Total: 2765 creatures vanquished

Notes
Turn   | Place    | Note
-------+----------+-------------------------------------------
     0 | D:1      | Draugr the Minotaur Berserker began the quest for the Orb.
     0 | D:1      | Reached XP level 1. HP: 19/19 MP: 0/0
   336 | D:1      | Reached XP level 2. HP: 20/26 MP: 1/1
   717 | D:1      | Reached skill level 5 in Axes
   794 | D:1      | Reached XP level 3. HP: 28/31 MP: 2/2
   868 | D:1      | Found a faded altar of an unknown god.
  1357 | D:2      | Reached ** piety under Trog
  1411 | D:2      | Reached XP level 4. HP: 39/39 MP: 3/3
  1661 | D:2      | Identified the +1 robe of Hedging {rC+ Str+5}
  2314 | D:3      | Reached skill level 5 in Armour
  2384 | D:3      | Reached XP level 5. HP: 46/46 MP: 4/4
  2401 | D:3      | Reached skill level 5 in Fighting
  2441 | D:3      | Found a hide-covered altar of Uskayaw.
  2651 | D:3      | Found a shimmering blue altar of Sif Muna.
  2664 | D:3      | Reached XP level 6. HP: 56/56 MP: 5/5
  2926 | D:4      | Identified the +7 dagger "Huxagut" {speed, Contam Will+
                  | Int+4}
  3019 | D:4      | Noticed a cacodemon
  3020 | D:4      | Found a burning altar of Makhleb.
  3024 | D:4      | Found a glowing silver altar of Zin.
  3024 | D:4      | Noticed an angel
  3065 | D:4      | Reached *** piety under Trog
  3123 | D:4      | Identified the +3 leather armour "Yblun" {rC+ Int+5 Dex-5}
  3351 | D:4      | Reached XP level 7. HP: 43/61 MP: 6/6
  3638 | D:4      | Found a staircase to the Ecumenical Temple.
  4055 | D:5      | Entered Level 5 of the Dungeon
  4138 | D:5      | Noticed Grinder
  4289 | D:5      | Paralysed by Grinder for 2 turns
  4301 | D:5      | Killed Grinder
  4302 | D:5      | Reached XP level 8. HP: 68/68 MP: 7/7
  4373 | D:5      | Noticed Sigmund
  4532 | D:6      | Reached skill level 10 in Armour
  4627 | D:6      | Found an opulent altar of Gozag.
  4633 | D:6      | Found a radiant altar of Vehumet.
  4633 | D:6      | Found a glowing golden altar of the Shining One.
  4633 | D:6      | Found a blossoming altar of Fedhas.
  4912 | D:6      | Found a broken altar of Ashenzari.
  4916 | D:6      | Saw a vision of the Swamp and the Spider Nest.
  4916 | D:6      | Noticed a steelbarb worm
  4916 | D:6      | Noticed a sun moth
  4916 | D:6      | Noticed a jorogumo
  4916 | D:6      | Noticed a boulder beetle
  4916 | D:6      | Noticed a boulder beetle
  4916 | D:6      | Noticed a wolf spider
  4916 | D:6      | Noticed a demonic crawler
  4916 | D:6      | Noticed a broodmother
  4916 | D:6      | Noticed a jumping spider
  4916 | D:6      | Noticed a steelbarb worm
  4916 | D:6      | Noticed a tyrant leech
  4916 | D:6      | Noticed a bunyip
  4916 | D:6      | Noticed a will-o-the-wisp
  4916 | D:6      | Noticed a bog body
  4916 | D:6      | Noticed a bloated husk
  4916 | D:6      | Noticed an emperor scorpion
  4918 | D:6      | Noticed a tarantella
  4918 | D:6      | Noticed an alligator
  4919 | D:6      | Noticed a tarantella
  4919 | D:6      | Noticed a steelbarb worm
  5027 | D:6      | Noticed Menkaure
  5032 | D:6      | Killed Menkaure
  5108 | D:6      | Found a runed translucent door.
  5109 | D:6      | Noticed Crazy Yiuf
  5249 | D:7      | Noticed Pikel
  5278 | D:5      | Reached XP level 9. HP: 74/74 MP: 8/8
  5390 | D:5      | Reached **** piety under Trog
  5400 | D:5      | Killed Sigmund
  6090 | D:7      | Killed Pikel
  6091 | D:7      | Reached skill level 10 in Axes
  6308 | D:7      | Found a basalt altar of Yredelemnul.
  6361 | D:7      | Identified the +5 flail "Cuuh" {pain, +Blink Fly rC+}
  6609 | D:7      | Identified the +1 plate armour of Fortitude {Harm}
  6652 | D:7      | Noticed Dowan
  6653 | D:7      | Noticed Duvessa
  6664 | D:7      | Killed Duvessa
  6668 | D:7      | Killed Dowan
  7096 | D:8      | Found a flagged portal.
  7128 | Bailey   | Entered a bailey
  7167 | Bailey   | Reached XP level 10. HP: 68/86 MP: 9/9
  8066 | D:8      | Reached skill level 10 in Fighting
  8713 | D:9      | Noticed a two-headed ogre
  8720 | D:9      | Killed a two-headed ogre
  8776 | D:9      | Reached XP level 11. HP: 106/106 MP: 10/10
  9410 | D:10     | Entered Level 10 of the Dungeon
  9410 | D:10     | Noticed a two-headed ogre
  9416 | D:10     | Killed a two-headed ogre
  9775 | D:10     | Identified the +1 robe "Kenuony" {rElec Will++}
  9865 | D:10     | Found a staircase to the Lair.
 10010 | D:11     | Noticed a two-headed ogre
 10252 | D:11     | Noticed Snorg
 10354 | D:11     | Killed Snorg
 10518 | D:11     | Killed a two-headed ogre
 11425 | D:12     | Reached skill level 15 in Axes
 11435 | D:12     | Noticed a green ugly thing
 11442 | D:12     | Killed a green ugly thing
 11526 | D:12     | Reached ***** piety under Trog
 11529 | D:12     | Noticed a boulder beetle
 11718 | D:12     | Killed a boulder beetle
 11719 | D:12     | Reached XP level 12. HP: 111/117 MP: 11/11
 12136 | D:12     | Noticed a boulder beetle
 12147 | D:12     | Killed a boulder beetle
 12278 | D:12     | Identified the +1 barding "Noluts" {rF+ rC+ rN+}
 12357 | D:12     | Found a staircase to the Orcish Mines.
 12418 | Lair:1   | Entered Level 1 of the Lair of Beasts
 12859 | Lair:1   | Identified a scroll of acquirement
 12860 | Lair:1   | Acquired the +3 hat of Dyspraxia {rF+}
 13255 | Lair:2   | Noticed Harold
 13256 | Lair:2   | Noticed a six-headed hydra
 13278 | Lair:2   | Killed Harold
 13316 | Lair:2   | Received a gift from Trog
 13612 | Lair:2   | Killed an eight-headed hydra
 13613 | Lair:2   | Reached skill level 15 in Armour
 14510 | Lair:3   | Found a hole to the Spider Nest.
 14688 | Lair:3   | Reached XP level 13. HP: 124/124 MP: 12/12
 15071 | Lair:3   | Found a staircase to the Swamp.
 15519 | Lair:4   | Reached skill level 1 in Evocations
 15588 | Lair:4   | Noticed Josephine
 15764 | Lair:5   | Entered Level 5 of the Lair of Beasts
 16025 | Lair:4   | Found a runed translucent door.
 16025 | Lair:4   | Found a shimmering altar of Xom.
 16025 | Lair:4   | Noticed Sieca's ghost (journeyman MfGl)
 16025 | Lair:4   | Found the +3 robe of Clouds {*Thunder rCloud rElec}
 16026 | Lair:4   | Found a staircase to the Slime Pits.
 16215 | Lair:4   | Killed Josephine
 16755 | Lair:4   | Reached skill level 5 in Evocations
 17159 | Orc:1    | Entered Level 1 of the Orcish Mines
 17285 | Orc:1    | Found a dark tunnel.
 17305 | Volcano  | Entered a volcano
 17377 | Volcano  | Identified the +1 pair of boots "Unin" {Harm rN+ Int-3
                  | Stlth+}
 18160 | Orc:1    | Found a large runed translucent door.
 18160 | Orc:1    | Found a large runed translucent door.
 18161 | Orc:1    | Noticed barkas's ghost (journeyman CeMo)
 18400 | Orc:2    | Entered Level 2 of the Orcish Mines
 18880 | Orc:2    | Found a transporter.
 18880 | Orc:2    | Noticed a white very ugly thing
 18889 | Orc:2    | Found a one-way gate to the infinite horrors of the Abyss.
 18892 | Orc:2    | Found a transporter.
 18892 | Orc:2    | Noticed LittleThickWarRabbit's ghost (journeyman SpHu)
 18908 | Orc:2    | Noticed an orc warlord
 18946 | Orc:2    | Reached skill level 1 in Throwing
 19228 | Orc:2    | Reached XP level 14. HP: 50/132 MP: 13/13
 19426 | Orc:2    | Found Duitz's Magic Scroll Shoppe.
 19431 | Orc:2    | Bought a scroll of identify for 24 gold pieces
 19431 | Orc:2    | Bought a scroll of identify for 24 gold pieces
 19431 | Orc:2    | Bought a scroll of identify for 24 gold pieces
 19431 | Orc:2    | Bought a scroll of identify for 24 gold pieces
 19449 | Orc:2    | Noticed an orc warlord
 19481 | Orc:2    | Killed an orc warlord
 19620 | Orc:2    | Found Ystuu's Distillery.
 19622 | Orc:2    | Found Tupesor Nolu's General Store.
 19627 | Orc:2    | Reached skill level 5 in Throwing
 19637 | Orc:2    | Bought a potion of invisibility for 88 gold pieces
 19663 | Orc:2    | Found Sioruon's Distillery.
 19663 | Orc:2    | Noticed an orc warlord
 19691 | Orc:2    | Killed an orc warlord
 19703 | Orc:2    | Bought a potion of degeneration for 13 gold pieces
 19785 | Orc:2    | Found Micsu's Gadget Gallery.
 19854 | Orc:2    | Found a staircase to the Elven Halls.
 20305 | Lair:5   | Received a gift from Trog
 20980 | Lair:5   | Found a runed translucent door.
 22486 | Lair:5   | Reached skill level 15 in Fighting
 22966 | Swamp:1  | Entered Level 1 of the Swamp
 23596 | D:12     | Found a glowing silver altar of Zin.
 23597 | D:12     | Noticed an angel
 23814 | D:13     | Received a gift from Trog
 23815 | D:13     | Identified the +5 dagger "Jellyslayer" {chaos, Fly rN+
                  | Str+2 Int+3}
 23853 | D:13     | Reached XP level 15. HP: 94/139 MP: 14/14
 23962 | D:13     | Noticed Frances
 23974 | D:13     | Killed Frances
 24237 | D:13     | Found a runed translucent door.
 24590 | D:13     | Found a gate to the Vaults.
 25719 | D:14     | You fall into a shaft and drop 1 floor!
 25719 | D:15     | Entered Level 15 of the Dungeon
 25724 | D:15     | Found a gate leading to a gauntlet.
 25859 | Gauntlet | Entered a Gauntlet
 25859 | Gauntlet | Found a transporter.
 25865 | Gauntlet | Found a transporter.
 25873 | Gauntlet | Found a transporter.
 25886 | Gauntlet | Identified the ring "Wegaum" {rPois rN+ Str+5 Dex+6}
 25923 | Gauntlet | Found a transporter.
 25995 | Gauntlet | Identified the ring of the Sparrow {rPois Stlth+}
 26218 | D:15     | Found a frozen archway.
 26293 | IceCv    | Entered an ice cave
 27291 | IceCv    | Noticed a frost giant
 27291 | IceCv    | Noticed a frost giant
 27291 | IceCv    | Noticed a frost giant
 27291 | IceCv    | Noticed a frost giant
 27316 | IceCv    | Killed a frost giant
 27319 | IceCv    | Killed a frost giant
 27333 | IceCv    | Killed a frost giant
 27370 | IceCv    | Reached skill level 10 in Evocations
 27602 | IceCv    | Killed a frost giant
 28019 | D:15     | Reached skill level 1 in Long Blades
 28019 | D:15     | Reached XP level 16. HP: 136/160 MP: 15/15
 28130 | D:15     | Found a broken altar of Ashenzari.
 28645 | D:15     | Reached skill level 5 in Long Blades
 28661 | D:15     | Found a staircase to the Depths.
 29414 | Swamp:1  | Identified the +2 robe "Sanyak" {rElec rF- rCorr Dex+4}
 29496 | Swamp:1  | Identified the +9 battleaxe of the Wilderness {heavy, rN+}
                  | (Trog gifted it to you on level 1 of the Swamp)
 29496 | Swamp:1  | Received a gift from Trog
 29562 | Swamp:1  | Noticed a tentacled monstrosity
 29579 | Swamp:1  | Killed a tentacled monstrosity
 29827 | Swamp:2  | Noticed Nikola
 30160 | Swamp:1  | Reached skill level 10 in Long Blades
 30404 | Swamp:3  | Found the +3 crown of Dyrovepreva {rElec Int+2 SInv}
 30565 | Swamp:2  | Killed Nikola
 31654 | Swamp:3  | Noticed Louise
 31709 | Swamp:4  | Entered Level 4 of the Swamp
 32061 | Swamp:4  | Noticed a tentacled monstrosity
 32077 | Swamp:4  | Killed a tentacled monstrosity
 32231 | Swamp:4  | Reached ****** piety under Trog
 32443 | Swamp:4  | Received a gift from Trog
 32455 | Swamp:4  | Reached XP level 17. HP: 173/173 MP: 16/16
 32491 | Swamp:4  | Identified the ring of Ububefea {Fire Contam rN++}
 33580 | Swamp:4  | Noticed a tentacled monstrosity
 33948 | Swamp:4  | Killed a tentacled monstrosity
 34024 | Swamp:4  | Got a decaying rune of Zot
 34227 | Spider:1 | Entered Level 1 of the Spider Nest
 34637 | Spider:1 | Received a gift from Trog
 36213 | Spider:2 | Reached skill level 5 in Dodging
 36225 | Spider:2 | Received a gift from Trog
 36233 | Spider:2 | Noticed Arachne
 36930 | Spider:1 | Reached XP level 18. HP: 172/181 MP: 17/17
 37181 | Spider:2 | Noticed Aizul
 37190 | Spider:2 | Killed Aizul
 37358 | Spider:2 | Killed Arachne
 37413 | Spider:2 | Reached skill level 10 in Dodging
 37565 | Spider:2 | Identified the +13 chain mail "Odanod" {Regen+ SInv}
 37583 | Spider:2 | Found a runed translucent gate.
 37599 | Spider:2 | Found a runed translucent gate.
 37599 | Spider:2 | Found a runed translucent gate.
 37668 | Spider:2 | Noticed Beorghan's ghost (adept MiBe)
 38002 | Orc:1    | Killed barkas's ghost
 38002 | Orc:1    | Received a gift from Trog
 38119 | Orc:2    | Killed LittleThickWarRabbit's ghost
 38127 | Orc:2    | Identified the +1 fire dragon scales of Webuiry {+Blink
                  | rPois rF++ rC- rN+}
 38612 | Lair:4   | Reached skill level 1 in Shields
 38626 | Lair:4   | Killed Sieca's ghost
 38855 | Spider:2 | Killed Beorghan's ghost
 39002 | Spider:2 | Identified the +3 pair of gloves "Jougub" {rPois}
 39090 | Spider:3 | Reached skill level 5 in Shields
 39374 | Spider:3 | Identified the staff of fire "Siprobem" {rF+ Str+4}
 39810 | Spider:3 | Received a gift from Trog
 40522 | Spider:4 | Entered Level 4 of the Spider Nest
 40725 | Spider:4 | Identified Roxanne's Handbook of the Rocks
 40725 | Spider:4 | Noticed Roxanne
 40731 | Spider:4 | Noticed Mara
 40740 | Spider:4 | Noticed Draugr's illusion
 40906 | Spider:4 | Noticed Draugr's illusion
 41837 | Spider:4 | Got a gossamer rune of Zot
 41929 | Spider:4 | Identified the +8 battleaxe of Resumed Hostilities {flame,
                  | Dex+2} (Trog gifted it to you on level 4 of the Spider
                  | Nest)
 41929 | Spider:4 | Received a gift from Trog
 42081 | Spider:4 | Reached XP level 19. HP: 169/191 MP: 18/18
 42208 | Spider:4 | Noticed Draugr's illusion
 42222 | Spider:4 | Killed Mara
 42528 | Spider:4 | Killed Roxanne
 43013 | Slime:1  | Entered Level 1 of the Pits of Slime
 43332 | Slime:3  | Received a gift from Trog
 43487 | Slime:2  | Found a viscous altar of Jiyva.
 44594 | Slime:4  | Identified the +6 war axe of Egomania {flame, rN+} (Trog
                  | gifted it to you on level 4 of the Pits of Slime)
 44594 | Slime:4  | Received a gift from Trog
 44719 | Slime:5  | Entered Level 5 of the Pits of Slime
 45232 | Slime:5  | Gained mutation: You are clumsy. (Dex -2) [a shining eye]
 45254 | Slime:5  | Gained mutation: Armour fits poorly on your strangely
                  | shaped body. [a shining eye]
 45346 | Slime:4  | Lost mutation: Armour fits poorly on your strangely shaped
                  | body. [potion of mutation]
 45346 | Slime:4  | Lost mutation: You are clumsy. (Dex -2) [potion of
                  | mutation]
 45346 | Slime:4  | Gained mutation: You have hidden genetic defects. [potion
                  | of mutation]
 45346 | Slime:4  | Gained mutation: Armour fits poorly on your strangely
                  | shaped body. [potion of mutation]
 45346 | Slime:4  | Gained mutation: Your spells are a little harder to cast,
                  | but a little more powerful. [potion of mutation]
 45347 | Slime:4  | Lost mutation: You have hidden genetic defects. [potion of
                  | mutation]
 45347 | Slime:4  | Lost mutation: Your spells are a little harder to cast, but
                  | a little more powerful. [potion of mutation]
 45347 | Slime:4  | Lost mutation: Armour fits poorly on your strangely shaped
                  | body. [potion of mutation]
 45347 | Slime:4  | Gained mutation: You possess an exceptional clarity of
                  | mind. [potion of mutation]
 45347 | Slime:4  | Gained mutation: You are agile. (Dex +4, Str/Int -1)
                  | [potion of mutation]
 45347 | Slime:4  | Gained mutation: You are frail. (-10% HP) [potion of
                  | mutation]
 45347 | Slime:4  | Gained mutation: You have hidden genetic potential. [potion
                  | of mutation]
 45476 | Slime:5  | Noticed the Royal Jelly
 45498 | Slime:5  | Killed the Royal Jelly
 45826 | Slime:5  | Identified the +2 halberd of Loxob {venom, SInv}
 45877 | Slime:5  | Identified the amulet of Suspicion {Acrobat Rampage Slay+3}
 45886 | Slime:5  | Got a slimy rune of Zot
 45953 | Slime:5  | Identified the ring of the Kangaroo {Fly Str+5}
 46391 | Depths:1 | Entered Level 1 of the Depths
 46622 | Depths:1 | Reached XP level 20. HP: 157/180 MP: 19/19
 46900 | Depths:1 | Found Voicysu's Antique Weapon Shoppe.
 46970 | Depths:1 | Received a gift from Trog
 47014 | Depths:1 | Found Tunushreu's Antique Weapon Emporium.
 47018 | Depths:1 | Bought a jewelled hand axe for 320 gold pieces
 47018 | Depths:1 | Identified the +4 hand axe of Veji {pain, SInv} (You bought
                  | it in a shop on level 1 of the Depths)
 47047 | Depths:1 | Found a one-way gateway to a ziggurat.
 47552 | Depths:1 | Found a gateway to Hell.
 47677 | Depths:1 | Found Husoweo's Antique Weapon Shop.
 47820 | Depths:1 | Found a one-way gate leading to the halls of Pandemonium.
 47974 | Depths:1 | Found a sacrificial altar of Ru.
 48493 | Depths:2 | Found a transporter.
 48500 | Depths:2 | Found a transporter.
 48500 | Depths:2 | Noticed Biotuk's ghost (journeyman MiFi)
 48502 | Depths:2 | Identified the +10 great mace "Viwkueg" {flame, rF+ rCorr
                  | Str-4 Int+3}
 48502 | Depths:2 | Identified the +9 great mace of Vomuech {heavy, Contam
                  | rElec rF++ rC+}
 48717 | Depths:2 | Noticed Sojobo
 48721 | Depths:2 | Paralysed by an air elemental for 1 turns
 49351 | Depths:2 | Paralysed by a floating eye for 2 turns
 49399 | Depths:2 | Received a gift from Trog
 49620 | Depths:2 | Killed Sojobo
 49625 | Depths:2 | Gained mutation: Your natural rate of healing is unusually
                  | fast. [hidden potential]
 50287 | Depths:3 | Reached XP level 21. HP: 178/189 MP: 20/20
 50479 | Depths:3 | Noticed a juggernaut
 50500 | Depths:3 | Killed a juggernaut
 50697 | Depths:3 | Noticed a juggernaut
 50707 | Depths:3 | Killed a juggernaut
 50847 | Depths:3 | Paralysed by a floating eye for 3 turns
 51105 | Depths:4 | Entered Level 4 of the Depths
 51132 | Depths:4 | Received a gift from Trog
 51304 | Depths:4 | Upgraded the game from 0.30.1-3-gfc49f6343a to
                  | 0.30.1-4-g462c640d31
 51574 | Depths:3 | Noticed a golden dragon
 51574 | Depths:3 | Noticed a caustic shrike
 51583 | Depths:2 | Killed a golden dragon
 51644 | Depths:2 | Killed a caustic shrike
 51836 | Depths:4 | Received a gift from Trog
 51944 | Depths:4 | Found a gate to the Realm of Zot.
 52002 | Depths:4 | Gained mutation: You have sharp toenails. [hidden
                  | potential]
 52002 | Depths:4 | Lost mutation: You have hidden genetic potential. [hidden
                  | potential expressed]
 52114 | Depths:4 | Noticed a golden dragon
 52151 | Depths:4 | Killed a golden dragon
 52882 | Elf:1    | Entered Level 1 of the Elven Halls
 52941 | Elf:1    | Got the Vellum of Bruises
 53035 | Elf:1    | Paralysed by an air elemental for 1 turns
 53064 | Elf:1    | Got the Precepts of Aerial Accelerants
 53205 | Elf:1    | Noticed Zenata
 53216 | Elf:1    | Killed Zenata
 53426 | Elf:1    | Found Ettuis Buu's Book Boutique.
 53721 | Elf:2    | Paralysed by an air elemental for 1 turns
 53725 | Elf:2    | Paralysed by an air elemental for 1 turns
 53798 | Elf:2    | Found a runed translucent gate.
 53798 | Elf:2    | Found a runed translucent gate.
 53799 | Elf:2    | Found a runed translucent gate.
 53934 | Elf:2    | Found Sodwogg's CLEARANCE SALE!.
 53948 | Elf:2    | Bought a potion of haste for 40 gold pieces
 54079 | Elf:2    | Found Epicim's Jewellery Shop.
 54217 | Elf:2    | Reached XP level 22. HP: 198/198 MP: 21/21
 54279 | Elf:2    | Received a gift from Trog
 54645 | Elf:3    | Entered Level 3 of the Elven Halls
 54976 | Elf:3    | Identified the +8 great sword "Tytzynwe" {antimagic, Will++
                  | Str+4 Stlth-} (Trog gifted it to you on level 3 of the
                  | Elven Halls)
 54976 | Elf:3    | Received a gift from Trog
 55112 | Elf:3    | Identified the +1 great sword of Uncomfortable Rashes
                  | {elec, rN+ Int+2}
 55167 | Elf:3    | Identified the amulet "Ypneamor" {Acrobat rPois rF+ Str+4}
 55205 | Elf:3    | Identified the +0 scale mail of True Grit {rElec rC- Str+3
                  | Int+8}
 55223 | Elf:3    | Identified the +3 leather armour "Jasum" {rF+ rN+}
 55287 | Elf:3    | Identified the +1 robe of Qotopp {-Tele rPois Regen+ Int+3}
 55543 | Elf:3    | Identified the +0 quarterstaff of Paiceluw {vamp, +Blink}
 55692 | Elf:3    | Identified the +2 pair of gloves of Analysis {rElec Slay+3}
 55694 | Elf:3    | Got the Incunabulum of Different Calefaction
 55804 | Elf:3    | Identified the staff of death "Ucawn" {*Slow rF+++ rN+
                  | Int+5}
 55859 | Elf:3    | Acquired a manual of Evocations
 56099 | Elf:3    | Received a gift from Trog
 56511 | Vaults:1 | Entered Level 1 of the Vaults
 56669 | Vaults:1 | Found Ifua's General Store.
 56677 | Vaults:1 | Bought a scroll of enchant weapon for 127 gold pieces
 57975 | Vaults:2 | Found a magical portal.
 57986 | WizLab   | Entered Tukima's Studio
 58063 | WizLab   | Reached skill level 15 in Long Blades
 58146 | WizLab   | Identified the +2 pair of boots "Zuvyvoem" {Contam rPois
                  | Int-4 Stlth+}
 58179 | WizLab   | Received a gift from Trog
 58214 | WizLab   | Got the Omnibus of the Six Xenops
 58685 | Vaults:2 | Reached XP level 23. HP: 204/204 MP: 22/22
 58870 | Vaults:2 | Received a gift from Trog
 59154 | Vaults:2 | Found a staircase to the Crypt.
 59894 | Vaults:3 | Received a gift from Trog
 60808 | Vaults:4 | Reached skill level 15 in Evocations
 60918 | Vaults:4 | Found Etrakove's Assorted Antiques.
 60922 | Vaults:4 | Received a gift from Trog
 61129 | Vaults:4 | Bought a pair of transparent boots for 389 gold pieces
 61129 | Vaults:4 | Identified the +1 pair of boots of Dithmenos's Outrage
                  | {-Tele Rampage Regen+ rCorr} (You bought it in a shop on
                  | level 4 of the Vaults)
 61129 | Vaults:4 | Bought a faintly glowing tin ring for 205 gold pieces
 61129 | Vaults:4 | Identified the ring of Quekk {Fly rCorr MP+9 Str+5 Slay-3}
                  | (You bought it in a shop on level 4 of the Vaults)
 61394 | Vaults:4 | Identified the +1 long sword of the Known World {freeze,
                  | Will+ Dex+3}
 62003 | Vaults:4 | Reached XP level 24. HP: 212/213 MP: 22/22
 62043 | Vaults:4 | Received a gift from Trog
 62174 | Vaults:4 | Found a portal to a secret trove of treasure.
 62352 | Vaults:5 | Entered Level 5 of the Vaults
 62362 | Vaults:5 | Noticed a dread lich
 62373 | Vaults:5 | Killed a dread lich
 62532 | Vaults:5 | Identified the ring of Buedoire {*Slow rElec rPois rF+
                  | Will+++ Str-5}
 62533 | Vaults:5 | Identified the staff of cold "Fuyw" {rC+ MP+9 Dex+3}
 62534 | Vaults:5 | Identified the staff of fire "Nigaumup" {Contam rF+ rN+
                  | Dex+2 Stlth+}
 62579 | Vaults:5 | Noticed Xtahua
 62589 | Vaults:5 | Killed Xtahua
 62645 | Vaults:5 | Got the Compilation of the Feculent Pyre
 62743 | Vaults:5 | Received a gift from Trog
 62866 | Vaults:5 | Identified the +3 robe of Enacidgh {rF+ rN+ Int-5 Dex+6}
 62896 | Vaults:5 | Identified the +12 chain mail "Tachirch" {Will+ SInv}
 63216 | Vaults:5 | Received a gift from Trog
 63735 | Vaults:5 | Got a silver rune of Zot
 64049 | Crypt:1  | Entered Level 1 of the Crypt
 64249 | Crypt:1  | Identified the +6 flail "Miahij" {flame, rPois Will- MP+9
                  | Str+4}
 64378 | Crypt:1  | Noticed Frederick
 64392 | Crypt:1  | Killed Frederick
 64463 | Crypt:1  | Reached XP level 25. HP: 229/229 MP: 7/22
 65060 | Crypt:2  | Received a gift from Trog
 65100 | Crypt:2  | Identified the +6 dagger "Hezojurr" {freeze, Dex+3 SInv}
 65357 | Crypt:2  | Noticed Grunn
 65564 | Crypt:2  | Killed Grunn
 65586 | Crypt:2  | Reached skill level 27 in Axes
 65586 | Crypt:2  | Received a gift from Trog
 65980 | Crypt:3  | Entered Level 3 of the Crypt
 65991 | Crypt:3  | Reached skill level 27 in Fighting
 66421 | Crypt:3  | Reached skill level 15 in Dodging
 66748 | Crypt:3  | Received a gift from Trog
 67187 | Crypt:3  | Found a staircase to the Tomb.
 67349 | Crypt:3  | Got the Encyclopedia of Cleavage
 67398 | Crypt:3  | Identified the +6 bardiche of the Messenger {heavy, rElec
                  | rPois}
 67460 | Crypt:3  | Identified the staff of conjuration "Myniliaro" {Str+2}
 68625 | Zot:1    | Entered Level 1 of the Realm of Zot
 68969 | Orc:2    | Bought a potion of resistance for 110 gold pieces
 68969 | Orc:2    | Bought a potion of might for 44 gold pieces
 68969 | Orc:2    | Bought a potion of might for 44 gold pieces
 68987 | Orc:2    | Bought a potion of attraction for 39 gold pieces
 68987 | Orc:2    | Bought a potion of resistance for 130 gold pieces
 69249 | Depths:2 | Killed Biotuk's ghost
 69280 | Depths:2 | Identified the +6 chain mail of Shadows and Fog {rElec rN+}
 69623 | Zot:1    | Reached XP level 26. HP: 239/239 MP: 22/22
 69790 | Zot:1    | Received a gift from Trog
 70994 | Zot:2    | You are sucked into a shaft and drop 1 floor!
 71789 | Zot:2    | Received a gift from Trog
 73272 | Zot:3    | Noticed an ancient lich
 73280 | Zot:3    | Noticed an ancient lich
 73287 | Zot:3    | Killed an ancient lich
 73297 | Zot:3    | Killed an ancient lich
 73297 | Zot:3    | Received a gift from Trog
 73585 | Zot:3    | Reached XP level 27. HP: 245/245 MP: 22/22
 75196 | Zot:4    | Found a transporter.
 75412 | Zot:4    | Found a transporter.
 75447 | Zot:4    | Found a transporter.
 75448 | Zot:4    | Found a transporter.
 75681 | Zot:4    | Found a transporter.
 75687 | Zot:4    | Found a transporter.
 75855 | Zot:4    | Received a gift from Trog
 76313 | Zig:1    | Entered Level 1 of a ziggurat
 76341 | Zig:2    | Entered Level 2 of a ziggurat
 76385 | Zig:3    | Entered Level 3 of a ziggurat
 76406 | Zig:4    | Entered Level 4 of a ziggurat
 76446 | Zig:5    | Entered Level 5 of a ziggurat
 76450 | Zig:5    | Noticed a royal mummy
 76753 | Zot:5    | Entered Level 5 of the Realm of Zot
 76773 | Zot:5    | Noticed an orb of fire
 76776 | Zot:5    | Gained mutation: Your body sometimes deteriorates upon
                  | taking damage. [an orb of fire]
 76781 | Zot:5    | Lost mutation: Your body sometimes deteriorates upon taking
                  | damage. [an orb of fire]
 76784 | Zot:5    | Killed an orb of fire
 76790 | Zot:5    | Noticed an orb of fire
 76802 | Zot:5    | Lost mutation: You possess an exceptional clarity of mind.
                  | [an orb of fire]
 76804 | Zot:5    | Killed an orb of fire
 76879 | Zot:5    | Identified the +1 morningstar of Due Proportion {freeze,
                  | rElec Dex+3}
 77516 | Zot:5    | Noticed a dread lich
 77516 | Zot:5    | Noticed an orb of fire
 77516 | Zot:5    | Gained mutation: You are very frail. (-20% HP) [an orb of
                  | fire]
 77517 | Zot:5    | Noticed an orb of fire
 77521 | Zot:5    | Gained mutation: Your magical capacity is low. (-10% MP)
                  | [an orb of fire]
 77535 | Zot:5    | Noticed a dread lich
 77536 | Zot:5    | Gained mutation: Your body sometimes deteriorates upon
                  | taking damage. [an orb of fire]
 77613 | Zot:4    | Lost mutation: Your natural rate of healing is unusually
                  | fast. [potion of mutation]
 77613 | Zot:4    | Lost mutation: You have sharp toenails. [potion of
                  | mutation]
 77613 | Zot:4    | Gained mutation: You are covered in fur. (AC +1) [potion of
                  | mutation]
 77613 | Zot:4    | Gained mutation: Your muscles are strong. (Str +4, Int/Dex
                  | -1) [potion of mutation]
 77614 | Zot:4    | Lost mutation: Your magical capacity is low. (-10% MP)
                  | [potion of mutation]
 77614 | Zot:4    | Lost mutation: Your muscles are strong. (Str +4, Int/Dex
                  | -1) [potion of mutation]
 77614 | Zot:4    | Lost mutation: You are agile. (Dex +4, Str/Int -1) [potion
                  | of mutation]
 77614 | Zot:4    | Gained mutation: You are agile. (Dex +4, Str/Int -1)
                  | [potion of mutation]
 77615 | Zot:4    | Lost mutation: Your body sometimes deteriorates upon taking
                  | damage. [potion of mutation]
 77615 | Zot:4    | Lost mutation: You are covered in fur. (AC +1) [potion of
                  | mutation]
 77615 | Zot:4    | Lost mutation: You are agile. (Dex +4, Str/Int -1) [potion
                  | of mutation]
 77615 | Zot:4    | Gained mutation: Your flesh is cold resistant. (rC+)
                  | [potion of mutation]
 77632 | Zot:4    | Lost mutation: You are very frail. (-20% HP) [potion of
                  | mutation]
 77632 | Zot:4    | Lost mutation: Your flesh is cold resistant. (rC+) [potion
                  | of mutation]
 77632 | Zot:4    | Lost mutation: You are frail. (-10% HP) [potion of
                  | mutation]
 77632 | Zot:4    | Gained mutation: A frigid envelope surrounds you and
                  | freezes all who hurt you. [potion of mutation]
 77740 | Zot:4    | Killed an orb of fire
 77778 | Zot:5    | Gained mutation: You have hidden genetic defects. [an orb
                  | of fire]
 77799 | Zot:4    | Gained mutation: You occasionally lose the ability to read
                  | scrolls when taking damage. [an orb of fire]
 77803 | Zot:4    | Gained mutation: Your body sometimes deteriorates upon
                  | taking damage. [an orb of fire]
 77810 | Zot:4    | Killed an orb of fire
 77852 | Zot:4    | Lost mutation: Your body sometimes deteriorates upon taking
                  | damage. [potion of mutation]
 77852 | Zot:4    | Lost mutation: A frigid envelope surrounds you and freezes
                  | all who hurt you. [potion of mutation]
 77852 | Zot:4    | Gained mutation: You have sharp toenails. [potion of
                  | mutation]
 77852 | Zot:4    | Gained mutation: Your mind is acute. (Int +4, Str/Dex -1)
                  | [potion of mutation]
 77853 | Zot:4    | Lost mutation: You have hidden genetic defects. [potion of
                  | mutation]
 77853 | Zot:4    | Lost mutation: You occasionally lose the ability to read
                  | scrolls when taking damage. [potion of mutation]
 77853 | Zot:4    | Lost mutation: You have sharp toenails. [potion of
                  | mutation]
 77853 | Zot:4    | Gained mutation: You expend magic power (3 MP) to
                  | strengthen your wands. [potion of mutation]
 77965 | Zot:5    | Reached skill level 27 in Armour
 77982 | Zot:5    | Noticed an ancient lich
 78030 | Zot:5    | Killed an ancient lich
 78049 | Zot:5    | Noticed an orb of fire
 78057 | Zot:5    | Gained mutation: Your magical capacity is low. (-10% MP)
                  | [an orb of fire]
 78074 | Zot:5    | Killed an orb of fire
 78198 | Zot:5    | Identified the +10 falchion of the Distant Future {heavy,
                  | *Noise rF++ rC+ Will+ rCorr} (Trog gifted it to you on
                  | level 5 of the Realm of Zot)
 78198 | Zot:5    | Received a gift from Trog
 78201 | Zot:5    | Noticed an ancient lich
 78210 | Zot:5    | Killed an ancient lich
 78261 | Zot:5    | Killed a dread lich
 78593 | Zot:5    | Killed a dread lich
 78676 | Zot:5    | Noticed an ancient lich
 78694 | Zot:5    | Killed an ancient lich
 78694 | Zot:5    | Noticed a dread lich
 78714 | Zot:5    | Killed a dread lich
 78740 | Zot:5    | Found the +3 warlock's mirror {omnireflect}
 79027 | Zot:5    | Got the Orb of Zot
 79667 | D:3      | Noticed Ucopn the pandemonium lord
 79685 | D:3      | Killed Ucopn the pandemonium lord
 79802 | D:$      | Escaped with the Orb!

Illustrated notes

Levels and vault maps discovered:
D:1:      ncdulo_watergridlock, layout_basic,
          shapermc_ecumenical_altar_starsandcircs, minmay_indecisive_spiral
D:2:      layout_loops_cross, dk_noncrumbling_2, grunt_decor_resistance,
          minmay_misc_feat_rugged
D:3:      layout_basic, mainiacjoe_overflow_catwalk, nicolae_uskayaw_dance_hall
D:4:      layout_loops_ring, grunt_temple_overflow_order_and_chaos_2,
          minmay_temple_entry_from_below_a, serial_forest,
          infiniplex_forest_clump_long, infiniplex_forest_lined_corner,
          infiniplex_forest_fountain, infiniplex_forest_lined_room_,
          infiniplex_forest_clump_medium, minmay_quantized
D:5:      layout_rooms, grunt_decor_fettered, uniq_grinder, uniq_sigmund
D:6:      layout_basic, chequers_temple_overflow_statue_of_worship,
          grunt_ashenzari_visionary [grunt_ashenzari_visionary_swamp,
          grunt_ashenzari_visionary_spider], minmay_ogre_servants,
          uniq_crazy_yiuf_cottage, uniq_menkaure
D:7:      layout_basic, yredelemnul_forgotten_temple_becter, uniq_duvessa,
          uniq_pikel
D:8:      layout_loops_corners, enter_bailey_2,
          lightli_ossuary_entry_decrepit_ruins, kennysheep_generic_room_8
D:9:      layout_roguey
D:10:     layout_rooms, lair_entry_dummy, roderic_serpentine_path,
          serial_park_tiny_2
D:11:     layout_loops_cross, uniq_snorg
D:12:     layout_roguey, erik_orc_2, zin_angel
D:13:     cheibrodos_shockbox, layout_rooms, erik_vaults_1, st_stairs_10,
          uniq_frances
D:14:     layout_loops_cross, chequers_serial_rivers_micro_b,
          chequers_serial_rivers_micro_d, kennysheep_path_1
D:15:     grunt_enter_depths_magical_seal, layout_loops_ring,
          gauntlet_entry_generic, portal_ice_cave_entry_ice_statue_one,
          old_standard_altar, worms_lemuel
Lair:1:   layout_regular_city, lemuel_fruit_tree
Lair:2:   layout_regular_city, uniq_harold
Lair:3:   layout_loops_ring, minmay_swamp_entry_worms,
          hellmonk_spider_entry_not_the_bees
Lair:4:   layout_regular_city, slime_entry_1, ebering_ghost_xom,
          kennysheep_catoblepas_arena, grunt_megastairs_1, uniq_josephine
Lair:5:   wormcave, layout_cellular_growth, guppyfry_lair_end_dragon,
          grunt_megastairs_4
Swamp:1:  layout_basic_swamp, serial_swamp_ruin, evilmike_swamp_ruin_rubble_1,
          hangedman_swamp_ruin_hall, swamp_pool5
Swamp:2:  nicolae_swamp_ascending_descending_big, layout_basic_swamp,
          nicolae_swamp_well_well_well, swamp_pool4,
          infiniplex_staircase_pool_2, uniq_nikola
Swamp:3:  layout_basic_swamp, infiniplex_staircase_pool, uniq_louise
Swamp:4:  swamp_vile, layout_basic_swamp
Spider:1: layout_spider_delve, drop_trap, nicolae_spider_some_kinda_spiderbox
Spider:2: layout_spider_delve, gammafunk_ghost_tricky_traps,
          nicolae_arachne_temple, uniq_aizul, uniq_arachne
Spider:3: layout_chambers
Spider:4: grunt_spider_rune_circles, uniq_mara, uniq_roxanne
Slime:1:  layout_caves
Slime:2:  layout_caves, basic_altar
Slime:3:  layout_caves
Slime:4:  layout_caves, nicolae_slime_crime_time
Slime:5
Orc:1:    layout_caves, lightli_volcano_entry_magma_tube,
          ebering_ghost_disaster_area, bh_open_orc_temple
Orc:2:    hellmonk_orc_salted, layout_diamond_mine,
          gammafunk_ghost_abyssal_escape, special_room, nicolae_shop_gadgets
Elf:1:    layout_gridlike, serial_shops, shop_fountains,
          minmay_elf_annihilation, uniq_zenata
Elf:2:    elven_hall_of_blades_hangedman_original
          [nicolae_blade_entry_crossed_weapons], layout_geoelf_diagonals,
          serial_shops, nicolae_shop_pleasant_corner_grove, abandoned_shop,
          nicolae_shop_clearance
Elf:3:    elf_hall_gauntlet_narrow, layout_onion_city, drop_trap
Vaults:1: v_misc_3, vaults_room_semicircle, nicolae_vaults_specimen_jars,
          grunt_vaults_focal, vaults_room_semicircle, v_pattern_3,
          layout_vaults_omnigrid, serial_shops, nicolae_shop_statue_plus
Vaults:2: mu_enter_wizlab_6, grunt_vaults_trifunnel, v_pattern_2, v_misc_11,
          minmay_crypt_entry_simple_sparse, nicolae_vaults_trapezoid_lopsided_3,
          vaults_dpeg_encased_lava, vaults_dpeg_ring, vaults_mumra_chevron,
          v_misc_12, vaults_room_pools, nicolae_vaults_frosty_reception,
          nicolae_vaults_border_crossing, v_misc_16,
          nicolae_vaults_tetromino_T_1, vaults_dpeg_emergency_exit,
          ontoclasm_vaults_decontamination, layout_vaults_omnicross
Vaults:3: grunt_vaults_hallway_short, hangedman_vaults_pinch,
          nicolae_vaults_more_shelving_1, v_misc_3, nicolae_vaults_network_star,
          ontoclasm_vaults_gateway, vaults_room_grid,
          nicolae_vaults_apartment_2, nicolae_vaults_closet_pinwheel_1,
          nicolae_vaults_wine_cellar, nicolae_vaults_trapezoid_lopsided_3,
          nicolae_vaults_gold_heap, ontoclasm_vaults_tryst,
          nicolae_vaults_layer_cake_slice, v_misc_24, layout_vaults_omnibox
Vaults:4: hangedman_vaults_unwind, grunt_vaults_bifocal, hangedman_vaults_nodes,
          nicolae_vaults_weapon_check, v_misc_22, v_alt_pattern_3,
          nicolae_vaults_steering_wheel, vaults_room_boxed,
          nicolae_vaults_closet_pinwheel_4, nicolae_vaults_ring_of_whatevers,
          nicolae_vaults_diamond_1, nicolae_vaults_murder_corner,
          layout_vaults_chaotic_city, serial_shops, shop, enter_trove_6
Vaults:5: uniq_xtahua
Crypt:1:  layout_regular_city, st_stairs_10, st_small_mortuary,
          grunt_crypt_arrival_split, uniq_frederick
Crypt:2:  layout_regular_city, nicolae_crypt_ancient_font, grunt_megastairs_2,
          uniq_grunn
Crypt:3:  due_elkab, layout_chaotic_city, nicolae_tomb_entry_rubble_hallway
Depths:1: layout_long_grid, enter_ziggurat_c, hell_entry, serial_shops,
          nicolae_shop_waterfront, pan_entry, abyss_entry,
          nicolae_concentric_dashed_squares_wild,
          chequers_serial_rivers_micro_d, st_stairs_8,
          nicolae_ru_sacrificial_ziggurat, minmay_shoptagon
Depths:2: lemuel_troll_bridge, layout_cave_pools, pan_entry, grunt_decor_cap,
          gammafunk_ghost_smash, hell_entry, infiniplex_staircase_river,
          uniq_sojobo
Depths:3: hangedman_arrow_trap, layout_gridville, hell_entry,
          minmay_misc_feat_pillars, abyss_entry, kennysheep_random_hallway
Depths:4: evilmike_zot_entry_diamond, layout_long_grid, hell_entry,
          nicolae_abyss_entry_one_way_or_another
Zot:1:    layout_cathedral_of_symmetry, evilmike_ambush
          [evilmike_ambush_outer_basic, evilmike_ambush_inner_pond]
Zot:2:    hangedman_snap_crack_crunch, layout_concentric_octagons,
          skrybe_zot_glass_1
Zot:3:    grunt_deathspiral_small, layout_cathedral_of_symmetry
Zot:4:    nicolae_moth_party, layout_misc_corridors, serial_nicolae_subway,
          nicolae_sub_station_crystal, nicolae_sub_station_stone,
          nicolae_sub_station_metal, grunt_megastairs_5
Zot:5:    layout_cathedral_of_symmetry, st_stairs_2, lemuel_lake_of_fire

Skill      XL: |  1  2  3  4  5  6  7  8  9 10 11 12 13 14 15 16 17 18 19 20 21 22 23 24 25 26 27 |
---------------+----------------------------------------------------------------------------------+-----
Axes           | 4 5 7 8 12 15 16 18 20 21 22 24 25 27 | 27.0
Armour         | 4 5 9 11 16 17 20 22 27 | 27.0
Fighting       | 4 5 7 12 14 15 19 21 22 23 26 27 | 27.0
Evocations     | 8 10 14 18 | 18.0
Throwing       | 2 6 |  6.5
Long Blades    | 1 10 17 20 | 20.2
Dodging        | 7 11 12 14 18 24 26 | 26.9
Shields        | 9 |  9.4

Action                     |  1- 3 |  4- 6 |  7- 9 | 10-12 | 13-15 | 16-18 | 19-21 | 22-24 | 25-27 || total
---------------------------+-------+-------+-------+-------+-------+-------+-------+-------+-------++-------
  Melee: Hand axe          |    85 |   167 |   100 |       |       |       |       |       |       ||   352
         Headbutt          |    11 |    29 |    42 |   104 |   203 |   348 |   399 |   480 |   653 ||  2269
         Punch             |       |     1 |     3 |     4 |     8 |       |       |       |       ||    16
         War axe           |       |       |   183 |   506 |   638 |    58 |       |       |       ||  1385
         Battleaxe         |       |       |       |       |   289 |  1165 |  1280 |  1455 |  1758 ||  5947
         Executioner's axe |       |       |       |       |       |       |       |       |     4 ||     4
 Invoke: Trog's Hand       |       |     2 |     8 |     6 |    12 |     5 |     6 |    12 |    10 ||    61
         Berserk           |       |     3 |     7 |     2 |     5 |       |     3 |       |     4 ||    24
         Brothers in Arms  |       |       |       |     1 |     7 |     2 |     1 |       |     1 ||    12
  Evoke: Wand              |       |       |       |       |    17 |    18 |    14 |     5 |     3 ||    57
         Phial of floods   |       |       |       |       |       |     1 |     2 |     1 |       ||     4
    Use: Scroll            |       |     6 |     2 |    10 |    20 |     9 |    10 |     4 |    24 ||    85
         Potion            |       |       |     1 |       |    10 |     6 |     9 |     4 |    18 ||    48
   Stab: Distracted        |       |       |       |       |     4 |     4 |     2 |     1 |       ||    11
         Confused          |       |       |       |       |       |     2 |       |       |       ||     2
         Sleeping          |       |       |       |       |       |     1 |       |       |       ||     1
         Invisible         |       |       |       |       |       |       |       |     3 |       ||     3
 Armour: Plate armour      |    57 |    98 |   207 |   119 |       |       |   455 |   412 |       ||  1348
         Chain mail        |       |       |       |   177 |   512 |   312 |   212 |   106 |   251 ||  1570
         Swamp dragon scal |       |       |       |       |    43 |   482 |       |       |       ||   525
         Ice dragon scales |       |       |       |       |    23 |       |       |       |       ||    23
         Gold dragon scale |       |       |       |       |       |       |       |       |   648 ||   648
  Dodge: Dodged            |    33 |    49 |   119 |   235 |   363 |   981 |   798 |   948 |  1316 ||  4842
  Block: Kite shield       |       |       |       |       |       |    25 |       |       |       ||    25
